[Event "Titled Tuesday Blitz January 17 Late 2023"]
[White "Gavilan Diaz, Mario"]
[Black "Romero Ruscalleda, Josep"]
[WhiteFideId "2260905"]
[BlackFideId "2231859"]
[WhiteElo "2271"]
[BlackElo "2160"]
[Result "0-1"]
[Round "05"]
[TimeControl "180+2"]
[Date "2023.01.17"]
[WhiteClock "0:01:01"]
[BlackClock "0:02:03"]

1. d4 g6 2. c4 Bg7 3. e4 d6 4. Nc3 e5 5. dxe5 dxe5 6. Qxd8+ Kxd8 7. Be3 Bh6 8. O-O-O+ Bd7 9. Bxh6 Nxh6 10. Nd5 c6 11. Nf6 Ke7 12. Nxd7 Nxd7 13. f3 a5 14. g3 Nc5 15. Ne2 Rhd8 16. Bh3 Nd3+ 17. Rxd3 Rxd3 18. Nc3 Rxf3 19. Na4 Rd8 20. Nc5 Rf2 21. Nxb7 Rdd2 22. Nxa5 Rc2+ 23. Kd1 Rxb2 24. Kc1 Rxa2 25. Nb3 Rxh2 0-1


[Site "https://www.chess.com"]

[Event "Titled Tuesday Blitz January 17 Late 2023"]
[White "Szente Varga, Fruzsina"]
[Black "Herman, Daniel"]
[WhiteFideId "712264"]
[BlackFideId "30935008"]
[WhiteElo "2075"]
[BlackElo "1956"]
[Result "0-1"]
[Round "05"]
[TimeControl "180+2"]
[Date "2023.01.17"]
[WhiteClock "0:01:21"]
[BlackClock "0:01:15"]

1. e4 e5 2. Nf3 Nc6 3. Bb5 a6 4. Ba4 Nf6 5. Qe2 Be7 6. O-O b5 7. Bb3 O-O 8. c3 d5 9. exd5 Nxd5 10. Nxe5 Nxe5 11. Qxe5 c6 12. d4 Bd6 13. Qh5 Nf6 14. Qh4 Qc7 15. Bg5 Nd5 16. Bc2 f5 17. Nd2 h6 18. Bxh6 gxh6 19. Qxh6 Bf4 20. Qg6+ Qg7 21. Qxg7+ Kxg7 22. Nf3 Bd7 23. g3 Bd6 24. Kg2 Rae8 25. Rae1 a5 26. Ne5 Bxe5 27. dxe5 f4 28. Re4 Bf5 0-1


[Site "https://www.chess.com"]

[Event "Titled Tuesday Blitz January 17 Late 2023"]
[White "Pace, Christopher"]
[Black "Aguilar, Juan"]
[WhiteFideId "2610167"]
[BlackFideId "3800091"]
[WhiteElo "2053"]
[BlackElo "2254"]
[Result "1-0"]
[Round "05"]
[TimeControl "180+2"]
[Date "2023.01.17"]
[WhiteClock "0:00:41"]
[BlackClock "0:00:03"]

1. d4 g6 2. e4 Bg7 3. Nc3 d6 4. Be3 a6 5. a4 b6 6. Qd2 Nd7 7. f4 Bb7 8. Nf3 e6 9. Bd3 Ne7 10. O-O c5 11. e5 cxd4 12. Bxd4 Nc6 13. Ne4 Nxd4 14. Nxd6+ Kf8 15. Nxd4 Qc7 16. Nxb7 Qxb7 17. b4 Rd8 18. Qe3 Nb8 19. Be4 Qc7 20. Rad1 h5 21. Bxg6 Rxd4 22. Qxd4 fxg6 23. Qd8+ Qxd8 24. Rxd8+ Kf7 25. Rxh8 Bxh8 26. Rd1 Bg7 27. Rd6 b5 28. Rb6 Nd7 29. Rxa6 bxa4 30. Rxa4 Bh6 31. Ra7 Ke8 32. g3 g5 33. Ra8+ Ke7 34. Rh8 Bf8 35. Rh7+ Kd8 36. Rxh5 gxf4 37. gxf4 Bxb4 38. Kf2 Nc5 39. Kf3 Ke7 40. Rh7+ Kf8 41. Ra7 Be1 42. Rc7 Bb4 43. h4 Ke8 44. h5 Nd7 45. h6 Bf8 46. h7 1-0


[Site "https://www.chess.com"]

[Event "Titled Tuesday Blitz January 17 Late 2023"]
[White "Kaplan, Avi Harrison"]
[Black "Jordao Barbosa, Marcio"]
[WhiteFideId "30934559"]
[BlackFideId "2116219"]
[WhiteElo "2146"]
[BlackElo "2105"]
[Result "1-0"]
[Round "05"]
[TimeControl "180+2"]
[Date "2023.01.17"]
[WhiteClock "0:00:53"]
[BlackClock "0:01:16"]

1. Nf3 d5 2. g3 Nf6 3. Bg2 g6 4. O-O Bg7 5. b3 O-O 6. Bb2 b6 7. d3 Bb7 8. Nbd2 Nbd7 9. Re1 Re8 10. e4 e5 11. exd5 Nxd5 12. Nc4 f6 13. d4 e4 14. Nfd2 f5 15. f3 exf3 16. Nxf3 Qf6 17. Nfe5 Nf8 18. Qd2 Rad8 19. Rad1 Ne6 20. Qf2 Bh6 21. Ng4 fxg4 22. Qxf6 Nxf6 23. Bxb7 Ng5 24. Ne5 Nh3+ 25. Kg2 Nd5 26. Bxd5+ Rxd5 27. Nxg4 Rxe1 28. Nxh6+ Kg7 29. Rxe1 1-0


[Site "https://www.chess.com"]

[Event "Titled Tuesday Blitz January 17 Late 2023"]
[White "Szyszylo, Rafal"]
[Black "Van Dael, Siem"]
[WhiteFideId "1109626"]
[BlackFideId "1049771"]
[WhiteElo "2091"]
[BlackElo "2319"]
[Result "0-1"]
[Round "05"]
[TimeControl "180+2"]
[Date "2023.01.17"]
[WhiteClock "0:00:08"]
[BlackClock "0:01:45"]

1. e4 c5 2. Nf3 d6 3. d4 cxd4 4. Nxd4 Nf6 5. Nc3 g6 6. f3 Bg7 7. Be3 O-O 8. Qd2 Nc6 9. Bc4 Bd7 10. h4 h5 11. O-O-O Rc8 12. Bb3 Ne5 13. Bg5 Rc5 14. Kb1 b5 15. Bh6 Nc4 16. Bxc4 Rxc4 17. Bxg7 Kxg7 18. g4 hxg4 19. h5 Rh8 20. hxg6 fxg6 21. b3 Rc5 22. fxg4 Bxg4 23. Rdg1 Rxh1 24. Rxh1 Rh5 25. Rg1 Qd7 26. Nd5 Nxd5 27. exd5 Rxd5 28. Qf4 e5 29. Qg5 Rxd4 30. c3 Qf5+ 31. Qxf5 Bxf5+ 32. Kb2 Rd2+ 33. Ka3 Kf6 34. Kb4 a6 35. a3 e4 36. a4 e3 37. axb5 axb5 38. Kxb5 e2 39. Re1 Bd3+ 40. c4 Rd1 41. Rxe2 Bxe2 42. Kc6 Rc1 43. Kb5 d5 44. Kc5 Bxc4 45. bxc4 dxc4 46. Kd5 g5 47. Kd4 g4 48. Ke3 Kf5 49. Kf2 Kf4 50. Kg2 Rc2+ 51. Kf1 Rd2 52. Ke1 c3 53. Kf1 c2 54. Ke1 Ke3 0-1


[Site "https://www.chess.com"]

[Event "Titled Tuesday Blitz January 17 Late 2023"]
[White "Herbst, Richard"]
[Black "Bambino Filho, Antonio Carlos"]
[WhiteFideId "2041251"]
[BlackFideId "2113163"]
[WhiteElo "2120"]
[BlackElo "2144"]
[Result "0-1"]
[Round "05"]
[TimeControl "180+2"]
[Date "2023.01.17"]
[WhiteClock "0:01:30"]
[BlackClock "0:00:49"]

1. e4 c5 2. Nf3 d6 3. d4 cxd4 4. Nxd4 Nf6 5. Nc3 a6 6. Be3 e5 7. Nf3 h6 8. Bc4 Be7 9. O-O O-O 10. h3 Be6 11. Bb3 b5 12. Nd5 Nbd7 13. Qd3 Bxd5 14. Bxd5 Nxd5 15. Qxd5 Nf6 16. Qd3 d5 17. exd5 e4 18. Qe2 exf3 19. Qxf3 Qxd5 20. Qe2 Rfe8 21. Rfd1 Qc6 22. Qd3 Rad8 23. Qb3 Nd5 24. Bd4 Bf6 25. c3 Bxd4 26. Rxd4 Nc7 27. Rf4 Ne6 28. Rg4 Qd5 29. Qc2 Qd2 30. Qf5 Qxb2 31. Re1 Qxc3 32. Re3 Qc1+ 33. Kh2 Qc7+ 34. Reg3 Rd4 35. Rxd4 Nxd4 36. Qg4 Ne6 37. f4 Qxf4 0-1


[Site "https://www.chess.com"]

[Event "Titled Tuesday Blitz January 17 Late 2023"]
[White "Floresvillar Gonzalez, Luis Migu"]
[Black "Gurevich, Dmitry"]
[WhiteFideId "5100542"]
[BlackFideId "2000407"]
[WhiteElo "2043"]
[BlackElo "2393"]
[Result "0-1"]
[Round "05"]
[TimeControl "180+2"]
[Date "2023.01.17"]
[WhiteClock "0:00:01"]
[BlackClock "0:00:15"]

1. d4 Nf6 2. c3 g6 3. Bf4 Bg7 4. Nd2 O-O 5. e4 d6 6. f3 Nbd7 7. Bc4 e5 8. Be3 exd4 9. Bxd4 c5 10. Bf2 d5 11. exd5 Re8+ 12. Ne2 Ne5 13. O-O b6 14. Bb5 Bd7 15. Bxd7 Qxd7 16. c4 Nd3 17. Qc2 Nxf2 18. Rxf2 b5 19. Rd1 bxc4 20. Qxc4 Qxd5 21. Qxd5 Nxd5 22. Ne4 Ne3 23. Rd2 Nc4 24. Rc2 Nxb2 25. Nxc5 Rac8 26. Kf1 Nd3 27. Nxd3 Rxc2 28. Nef4 Rc4 29. h4 Re3 30. g3 Rd4 31. Kg2 Rdxd3 32. Nxd3 Rxd3 33. Rc2 Ra3 34. f4 h5 35. Kh3 Rc3 36. Rf2 f5 37. Rd2 a5 38. Rd6 Kh7 39. Rd5 Ra3 40. Rd2 a4 41. Rg2 Rc3 42. Rf2 a3 43. Kg2 Rc1 44. Re2 Rb1 45. Kf2 Rb2 0-1


[Site "https://www.chess.com"]

[Event "Titled Tuesday Blitz January 17 Late 2023"]
[White "Remolar Gallen, Jose"]
[Black "Rose, Felix"]
[WhiteFideId "2215187"]
[BlackFideId "5105722"]
[WhiteElo "2285"]
[BlackElo "2091"]
[Result "1-0"]
[Round "05"]
[TimeControl "180+2"]
[Date "2023.01.17"]
[WhiteClock "0:00:29"]
[BlackClock "0:00:17"]

1. e4 c5 2. Nf3 d6 3. d4 cxd4 4. Nxd4 Nf6 5. Nc3 a6 6. Bg5 e6 7. f4 h6 8. Bh4 Nbd7 9. Qf3 Qc7 10. O-O-O Be7 11. Bg3 g5 12. e5 dxe5 13. fxe5 Nxe5 14. Qe2 Nfd7 15. Nf3 Bf6 16. Rxd7 Qxd7 17. Nxe5 Qd4 18. Qe4 Qxe4 19. Nxe4 Be7 20. Be2 O-O 21. h4 Kg7 22. hxg5 hxg5 23. Nc4 f5 24. Be5+ Kg6 25. Bh5+ Kh7 26. Bf7# 1-0


[Site "https://www.chess.com"]

[Event "Titled Tuesday Blitz January 17 Late 2023"]
[White "Qiao, Cindy"]
[Black "Almedina Ortiz, Edgardo J."]
[WhiteFideId "2620243"]
[BlackFideId "3100197"]
[WhiteElo "1785"]
[BlackElo "2156"]
[Result "1-0"]
[Round "05"]
[TimeControl "180+2"]
[Date "2023.01.17"]
[WhiteClock "0:00:15"]
[BlackClock "0:00:03"]

1. d4 f5 2. Bg5 g6 3. h4 h6 4. Bf4 Bg7 5. e3 d6 6. Nc3 Nf6 7. Bc4 e6 8. Qf3 O-O 9. O-O-O Kh7 10. Nh3 Qe7 11. Ng5+ Kg8 12. Nh3 Nc6 13. Bb3 Kh8 14. Qg3 e5 15. Qxg6 exf4 16. Nxf4 Na5 17. Qg3 Nxb3+ 18. axb3 Qf7 19. Ng6+ Kh7 20. Nxf8+ Bxf8 21. Qf3 d5 22. Qe2 c6 23. Qd3 Kh8 24. Ne2 Bd6 25. f3 Bd7 26. Rdg1 Rg8 27. Qd2 Kh7 28. Qd3 Kh8 29. Qd2 Qf8 30. Kb1 Rg6 31. Nc1 Kh7 32. Nd3 Qe7 33. Re1 Bg3 34. Re2 Bc8 35. Nc5 Bd6 36. Nd3 Qg7 37. Ne5 Bxe5 38. dxe5 Nh5 39. Ree1 Qxe5 40. Qd3 Ng3 41. Rhg1 h5 42. Qd2 Qe7 43. Qf2 Qxh4 44. Rh1 Qxh1 45. Rxh1 Nxh1 46. Qh4 Kh6 47. Qxh1 1-0


[Site "https://www.chess.com"]

[Event "Titled Tuesday Blitz January 17 Late 2023"]
[White "Ardila, Oscar Humberto"]
[Black "Novikova, Galina"]
[WhiteFideId "4404742"]
[BlackFideId "4157095"]
[WhiteElo "1982"]
[BlackElo "2073"]
[Result "1-0"]
[Round "05"]
[TimeControl "180+2"]
[Date "2023.01.17"]
[WhiteClock "0:00:14"]
[BlackClock "0:00:02"]

1. d4 e6 2. Nf3 f5 3. g3 Nf6 4. Bg2 Be7 5. O-O O-O 6. b3 d6 7. Bb2 Nc6 8. c4 Ne4 9. Nbd2 Nxd2 10. Qxd2 Bf6 11. Rad1 Ne7 12. Rfe1 Ng6 13. e4 f4 14. e5 Be7 15. d5 fxg3 16. hxg3 exd5 17. Qxd5+ Kh8 18. exd6 cxd6 19. Re3 Bg4 20. Rde1 Bf6 21. Bxf6 Qxf6 22. Rf1 Rae8 23. Rxe8 Rxe8 24. Nh2 Bc8 25. Rd1 Rf8 26. Rd2 Qe7 27. Qxd6 Qe1+ 28. Nf1 Bg4 29. Qd4 Be6 30. Qe3 Qxe3 31. Nxe3 h6 32. Bxb7 Ne5 33. Bd5 Bxd5 34. Rxd5 Nf3+ 35. Kg2 Ng5 36. Rd7 Ra8 37. Nf5 Ne4 38. Nxg7 a5 39. f4 Nc3 40. f5 Nxa2 41. f6 Nc3 42. Nf5 Ne4 43. f7 Rf8 44. Nxh6 Ng5 45. Ra7 Kg7 46. Nf5+ Kf6 47. Nd4 Ne4 48. Rxa5 Rxf7 49. Rf5+ Kg7 50. Rxf7+ Kxf7 51. Kf3 Nd2+ 52. Kf4 Nb1 53. b4 Nd2 54. c5 Nc4 55. Nf5 Kf6 56. Nd6 Nd2 57. g4 Nb3 58. g5+ Kg6 59. Ke5 Kxg5 60. c6 Nd2 61. c7 Nc4+ 62. Nxc4 1-0


[Site "https://www.chess.com"]

[Event "Titled Tuesday Blitz January 17 Late 2023"]
[White "Fajdetic, Hrvoje"]
[Black "Estrada Nieto, Julian"]
[WhiteFideId "14501945"]
[BlackFideId "5101018"]
[WhiteElo "2151"]
[BlackElo "2215"]
[Result "0-1"]
[Round "05"]
[TimeControl "180+2"]
[Date "2023.01.17"]
[WhiteClock "0:00:01"]
[BlackClock "0:00:06"]

1. f4 d5 2. Nf3 g6 3. e3 Bg7 4. Be2 Nf6 5. O-O O-O 6. d3 c5 7. Qe1 Nc6 8. Qh4 Ng4 9. e4 Nd4 10. Bd1 Nxf3+ 11. Bxf3 Bd4+ 12. Kh1 e5 13. Qxd8 Rxd8 14. Bxg4 Bxg4 15. c3 Be2 16. Re1 Bxd3 17. cxd4 exd4 18. e5 a5 19. Nd2 a4 20. Nf3 Ra6 21. Kg1 b5 22. g4 b4 23. Bd2 h6 24. Rac1 Bc4 25. a3 bxa3 26. bxa3 Rb8 27. Rb1 Rb3 28. Kf2 Rab6 29. Ra1 Rb2 30. f5 Bd3 31. e6 Be4 32. e7 Rb8 33. Red1 gxf5 34. gxf5 f6 35. Kg3 Kf7 36. Bxh6 R8b3 37. Rf1 Rc3 38. Bf4 Rbb3 39. Bd6 Rxf3+ 40. Rxf3 Rxf3+ 41. Kg4 Rxf5 42. Re1 Rg5+ 43. Kf4 Ke8 44. h4 Rg2 45. Rc1 c4 46. Bc5 Kd7 47. h5 Rf2+ 48. Kg3 Rf3+ 49. Kg4 d3 0-1


[Site "https://www.chess.com"]

[Event "Titled Tuesday Blitz January 17 Late 2023"]
[White "Davidson, Kevin"]
[Black "Mendez Machado, Andre"]
[WhiteFideId "2056810"]
[BlackFideId "6603793"]
[WhiteElo "2154"]
[BlackElo "1974"]
[Result "0-1"]
[Round "05"]
[TimeControl "180+2"]
[Date "2023.01.17"]
[WhiteClock "0:00:01"]
[BlackClock "0:00:13"]

1. e4 e5 2. Nf3 Nc6 3. Bb5 a6 4. Ba4 Nf6 5. O-O b5 6. Bb3 Bc5 7. a4 Rb8 8. c3 d6 9. d4 Bb6 10. a5 Ba7 11. Be3 Bg4 12. dxe5 Bxf3 13. Qxf3 Nxe5 14. Qh3 Bxe3 15. Qxe3 O-O 16. Nd2 Ned7 17. f4 Re8 18. Qf3 b4 19. Bc4 bxc3 20. bxc3 Rb2 21. Rf2 Qa8 22. Re1 Qc6 23. e5 Qxf3 24. Nxf3 Rxf2 25. Kxf2 dxe5 26. fxe5 Nxe5 27. Nxe5 Rxe5 28. Rxe5 Ng4+ 29. Ke2 Nxe5 30. Bxa6 Nc6 31. Bb7 Nxa5 32. Bd5 Kf8 33. Kd3 Ke7 34. Kd4 c6 35. Be4 Kd6 36. Bxh7 c5+ 37. Ke4 g6 38. h4 Nc4 39. g4 Nd2+ 40. Kf4 Ke6 41. h5 Kf6 42. hxg6 fxg6 43. Bg8 g5+ 44. Ke3 Nb1 0-1


[Site "https://www.chess.com"]

[Event "Titled Tuesday Blitz January 17 Late 2023"]
[White "Papp, Petra"]
[Black "Prydun, Andriy"]
[WhiteFideId "739049"]
[BlackFideId "14145898"]
[WhiteElo "2343"]
[BlackElo "2134"]
[Result "1-0"]
[Round "05"]
[TimeControl "180+2"]
[Date "2023.01.17"]
[WhiteClock "0:00:15"]
[BlackClock "0:00:38"]

1. e4 d6 2. d4 Nd7 3. Nc3 Nb6 4. Be3 e6 5. Qd2 Nf6 6. f3 d5 7. Bg5 Be7 8. e5 Nfd7 9. h4 a6 10. Bd3 h6 11. Be3 c5 12. O-O-O cxd4 13. Bxd4 Bxh4 14. g4 g5 15. Nge2 Nb8 16. f4 Nc6 17. Be3 d4 18. Nxd4 Nxd4 19. Bxd4 gxf4 20. Rxh4 Qxh4 21. Bxb6 O-O 22. Qxf4 Qg5 23. Qxg5+ hxg5 24. Ne4 Kg7 25. Rh1 Rh8 26. Rxh8 Kxh8 27. Nxg5 Bd7 28. Nxf7+ Kg7 29. Nd6 Bc6 30. Be4 Rf8 31. Bxc6 bxc6 32. Ne4 Rf4 33. Nf6 Rb4 34. Bc5 Rc4 35. Bd6 Kg6 36. Kd2 Ra4 37. a3 Rf4 38. Ke3 Rc4 39. c3 a5 40. Bc7 a4 41. Kd3 Rf4 42. Bd6 Kf7 43. c4 Rf3+ 44. Kc2 Rb3 45. Ne4 Re3 46. Nf6 Rg3 47. Bb4 Rb3 48. Bc3 Kg6 49. Ne4 Rb8 50. Nc5 Re8 51. Nxa4 Kg5 52. Nb6 Rb8 53. Nd7 Ra8 54. Nc5 Kxg4 55. Nxe6 1-0


[Site "https://www.chess.com"]

[Event "Titled Tuesday Blitz January 17 Late 2023"]
[White "Kaganskiy, Gleb"]
[Black "Batista, Renato Luiz"]
[WhiteFideId "4132025"]
[BlackFideId "2106540"]
[WhiteElo "2205"]
[BlackElo "2174"]
[Result "1-0"]
[Round "05"]
[TimeControl "180+2"]
[Date "2023.01.17"]
[WhiteClock "0:00:26"]
[BlackClock "0:00:09"]

1. e4 c5 2. Nf3 d6 3. Bb5+ Nd7 4. a4 Nf6 5. Nc3 e6 6. O-O Be7 7. Re1 O-O 8. Bf1 b6 9. d4 cxd4 10. Nxd4 Bb7 11. Ndb5 Qb8 12. Bf4 Ne5 13. Nd4 Rc8 14. a5 Nc4 15. Bxc4 Rxc4 16. axb6 Rxd4 17. Qxd4 e5 18. bxa7 Qc8 19. Bxe5 dxe5 20. Qxe5 Bc5 21. Nd5 Bxd5 22. exd5 Bxf2+ 23. Kh1 Bxe1 24. Qxe1 Nxd5 25. c3 h6 26. h3 Qc5 27. Qg1 Qc7 28. Ra6 Qb7 29. Qa1 Nf4 30. Qf1 Nxh3 31. Qf3 Qxf3 32. gxf3 Nf4 33. b4 Nd5 34. b5 Kf8 35. c4 Nc7 36. Ra5 Ke8 37. b6 Kd7 38. b7 1-0


[Site "https://www.chess.com"]

[Event "Titled Tuesday Blitz January 17 Late 2023"]
[White "Michalski, Olaf"]
[Black "Kalajzic, Ivan"]
[WhiteFideId "1106740"]
[BlackFideId "14506378"]
[WhiteElo "2273"]
[BlackElo "2062"]
[Result "0-1"]
[Round "05"]
[TimeControl "180+2"]
[Date "2023.01.17"]
[WhiteClock "0:00:05"]
[BlackClock "0:00:40"]

1. d4 Nc6 2. Nf3 d6 3. Bf4 Bg4 4. d5 Nb8 5. h3 Bf5 6. c4 e5 7. dxe6 Bxe6 8. Nc3 Nc6 9. e3 Be7 10. Be2 Nf6 11. O-O O-O 12. Nd5 Re8 13. Nd4 Bd7 14. Nxe7+ Qxe7 15. Bf3 h6 16. Qc2 Rab8 17. Nb5 Qd8 18. Rad1 a6 19. Nd4 Ne5 20. Be2 Ng6 21. Bh2 Qe7 22. Rfe1 Rbd8 23. Bf3 Bc8 24. Nf5 Bxf5 25. Qxf5 Rb8 26. Qa5 Ne5 27. Be2 Nc6 28. Qc3 Ne4 29. Qc2 Qf6 30. Bf3 Ng5 31. Bxc6 bxc6 32. b3 c5 33. Rd5 Ne4 34. f3 Ng5 35. Rf5 Qg6 36. e4 Ne6 37. Rd5 Nd4 38. Qd2 Nxf3+ 0-1


[Site "https://www.chess.com"]

[Event "Titled Tuesday Blitz January 17 Late 2023"]
[White "Seletsky, Grigory"]
[Black "Torres Dominguez, David"]
[WhiteFideId "14112191"]
[BlackFideId "2220857"]
[WhiteElo "2259"]
[BlackElo "1994"]
[Result "1-0"]
[Round "05"]
[TimeControl "180+2"]
[Date "2023.01.17"]
[WhiteClock "0:02:31"]
[BlackClock "0:01:36"]

1. d4 e5 2. dxe5 d6 3. e6 Bxe6 4. e4 Nf6 5. Nc3 d5 6. exd5 Nxd5 7. Nxd5 Bxd5 8. Nf3 Nc6 9. Be2 Bc5 10. O-O O-O 11. c3 Re8 12. Bf4 Bb6 13. h3 a6 14. Re1 h6 15. Qd2 Be4 16. Rad1 Qxd2 17. Nxd2 Bc2 18. Rc1 Bg6 19. Nc4 Ne5 20. Nxe5 1-0


[Site "https://www.chess.com"]

[Event "Titled Tuesday Blitz January 17 Late 2023"]
[White "Curtis, John"]
[Black "Rian, Kapriaga"]
[WhiteFideId "3200256"]
[BlackFideId "7103263"]
[WhiteElo "2292"]
[BlackElo "2089"]
[Result "0-1"]
[Round "05"]
[TimeControl "180+2"]
[Date "2023.01.17"]
[WhiteClock "0:00:01"]
[BlackClock "0:00:03"]

1. e4 c6 2. d4 d5 3. Nc3 dxe4 4. Nxe4 Bf5 5. Ng3 Bg6 6. Nf3 Nd7 7. Bd3 e6 8. O-O Ngf6 9. Bg5 Bd6 10. Ne4 Be7 11. Bxf6 gxf6 12. c3 Qc7 13. Qc2 O-O-O 14. Rfe1 Rhg8 15. Ng3 Bd6 16. Ne4 Be7 17. Rad1 Qf4 18. Ng3 h5 19. Bxg6 Rxg6 20. Re4 Qh6 21. Rh4 Rdg8 22. Rxh5 Qg7 23. Kf1 f5 24. Re1 Nf6 25. Rxf5 Bd6 26. Rfe5 Ng4 27. Qe4 f5 28. Qd3 Bxe5 29. Nxe5 Nxe5 30. Rxe5 f4 31. Nh5 Qf7 32. Qh3 Kb8 33. g4 fxg3 34. Nxg3 a6 35. Qh5 Ka7 36. Re3 Rf8 37. Qc5+ Ka8 38. Ne4 Rg4 39. Qd6 Rxe4 40. Qxf8+ Qxf8 41. Rxe4 Qg7 42. h4 Qh7 43. f3 Qh5 44. Ke2 Qf5 45. Rg4 c5 0-1


[Site "https://www.chess.com"]

[Event "Titled Tuesday Blitz January 17 Late 2023"]
[White "Kostiukov, Alexandr"]
[Black "Souza, Gustavo Horokoski De"]
[WhiteFideId "14108100"]
[BlackFideId "2146584"]
[WhiteElo "2271"]
[BlackElo "1943"]
[Result "1-0"]
[Round "05"]
[TimeControl "180+2"]
[Date "2023.01.17"]
[WhiteClock "0:00:29"]
[BlackClock "0:00:02"]

1. g3 Nf6 2. Bg2 g6 3. c4 Bg7 4. Nf3 O-O 5. O-O c6 6. d4 d5 7. cxd5 cxd5 8. Nc3 Nc6 9. Bf4 a6 10. Ne5 e6 11. Nxc6 bxc6 12. Be5 Bd7 13. Rc1 Rc8 14. Na4 Ne8 15. Bxg7 Kxg7 16. Nc5 a5 17. Qa4 Nd6 18. e3 Rb8 19. b3 Rb4 20. Qa3 h5 21. Nxd7 Qxd7 22. Qxa5 Rb5 23. Qa6 Rc8 24. Rc5 Rxc5 25. dxc5 Ne8 26. Rd1 Rc7 27. Qe2 Ra7 28. Bf1 Nf6 29. Qb2 Qe7 30. b4 Kg8 31. Rc1 Ne4 32. Bd3 Ng5 33. h4 Nh7 34. b5 cxb5 35. Bxb5 Nf6 36. a4 Ne4 37. c6 Nc5 38. Qd4 Ne4 39. Qb2 Rc7 40. a5 Qd6 41. Kg2 Nf6 42. Qxf6 1-0


[Site "https://www.chess.com"]

[Event "Titled Tuesday Blitz January 17 Late 2023"]
[White "Djordjevic, Dejan N"]
[Black "Quinones Garcia, Santiago"]
[WhiteFideId "913316"]
[BlackFideId "4408497"]
[WhiteElo "2167"]
[BlackElo "2248"]
[Result "1-0"]
[Round "05"]
[TimeControl "180+2"]
[Date "2023.01.17"]
[WhiteClock "0:00:05"]
[BlackClock "0:00:39"]

1. e4 e5 2. Nf3 Nc6 3. Bc4 Nf6 4. d3 Be7 5. O-O d6 6. Re1 Na5 7. Bb3 Nxb3 8. axb3 O-O 9. h3 c6 10. Nc3 Qc7 11. Be3 a6 12. d4 Be6 13. Ng5 Bd7 14. f4 Rad8 15. Qe2 h6 16. Nf3 exd4 17. Bxd4 Rfe8 18. Qf2 Rc8 19. Bb6 Qb8 20. Be3 Bf8 21. Bd4 Nh5 22. Qh4 g6 23. f5 c5 24. fxg6 fxg6 25. Bf2 Bg7 26. Nd5 Kh7 27. g4 Rf8 28. gxh5 Rxf3 29. hxg6+ Kh8 30. Bg3 Rcf8 31. Rf1 Qe8 32. Rxf3 Rxf3 33. Kg2 Rf8 34. Bf4 Qxg6+ 35. Kh2 Qxe4 36. Rg1 Qxd5 37. Bxh6 Bf6 38. Bg5+ Kg7 39. Qh6+ Kf7 40. Qxf6+ Kg8 41. Qg6+ Kh8 42. Bf6+ Rxf6 43. Qg7# 1-0


[Site "https://www.chess.com"]

[Event "Titled Tuesday Blitz January 17 Late 2023"]
[White "Stead, Kerry"]
[Black "Gerbelli Neto, Eduardo"]
[WhiteFideId "3202577"]
[BlackFideId "2103281"]
[WhiteElo "1908"]
[BlackElo "2114"]
[Result "0-1"]
[Round "05"]
[TimeControl "180+2"]
[Date "2023.01.17"]
[WhiteClock "0:00:11"]
[BlackClock "0:00:18"]

1. d4 d5 2. e4 dxe4 3. Nc3 Nf6 4. f3 exf3 5. Nxf3 e6 6. Bg5 Nbd7 7. Bd3 c6 8. O-O Be7 9. Qe1 Nd5 10. Ne4 N7f6 11. Nxf6+ Nxf6 12. c3 c5 13. Rd1 Qb6 14. dxc5 Bxc5+ 15. Kh1 Be7 16. Ne5 h6 17. Nc4 Qc5 18. Be3 Qc7 19. Bf4 Qc5 20. Ne5 O-O 21. b4 Qb6 22. Nc4 Qc6 23. Ne5 Qe8 24. Rf3 Nd5 25. Bd2 f5 26. c4 Nf6 27. c5 Nd5 28. Bc4 Bf6 29. Nd3 Bd7 30. Nf4 Nxf4 31. Bxf4 Kh7 32. Re3 g5 33. Bd6 Rf7 34. Bxe6 Bxe6 35. Rxe6 Qa4 36. h4 Qxa2 37. hxg5 hxg5 38. Rd2 Qc4 39. Rde2 Kg6 40. Rxf6+ Rxf6 41. Re7 Rh8+ 42. Kg1 Qd4+ 43. Kf1 Rh1+ 44. Ke2 Rxe1+ 45. Kxe1 f4 46. Re2 Qd5 47. Rd2 Re6+ 48. Kd1 Qe4 49. Bc7 Qb1# 0-1


[Site "https://www.chess.com"]

[Event "Titled Tuesday Blitz January 17 Late 2023"]
[White "Desideri, Ricardo Maruchi"]
[Black "Rios Escobar, Adan"]
[WhiteFideId "2110440"]
[BlackFideId "3403645"]
[WhiteElo "1959"]
[BlackElo "2234"]
[Result "0-1"]
[Round "05"]
[TimeControl "180+2"]
[Date "2023.01.17"]
[WhiteClock "0:00:01"]
[BlackClock "0:00:04"]

1. e4 c5 2. Nf3 d6 3. d4 cxd4 4. Nxd4 Nf6 5. Nc3 a6 6. Rg1 e5 7. Nb3 h5 8. h3 Be6 9. g4 hxg4 10. hxg4 d5 11. g5 Nxe4 12. Nxe4 dxe4 13. Qe2 Rh4 14. Bd2 Qc8 15. g6 f6 16. Bg2 Bc4 17. Qe3 f5 18. O-O-O Nc6 19. Qc3 Qe6 20. Bg5 Rg4 21. Bh1 Rxg1 22. Rxg1 Be7 23. Bxe7 Kxe7 24. Nc5 Qd5 25. Nb3 Nd4 26. Kb1 Bxb3 27. axb3 Ne2 28. Qc7+ Kf6 29. Re1 Nd4 30. Rd1 Rh8 31. c3 Qxb3 32. Rc1 Nb5 0-1


[Site "https://www.chess.com"]

[Event "Titled Tuesday Blitz January 17 Late 2023"]
[White "Ovezdurdyyeva, Jemal"]
[Black "ritanovikova"]
[WhiteFideId "14001888"]
[WhiteElo "2078"]
[BlackElo "2148"]
[Result "0-1"]
[Round "05"]
[TimeControl "180+2"]
[Date "2023.01.17"]
[WhiteClock "0:00:13"]
[BlackClock "0:00:28"]

1. e4 d5 2. exd5 Qxd5 3. d4 e5 4. dxe5 Qxd1+ 5. Kxd1 Nc6 6. f4 Bg4+ 7. Be2 O-O-O+ 8. Bd2 Nh6 9. h3 Bxe2+ 10. Nxe2 Nf5 11. c3 Bc5 12. g4 Nh4 13. b4 Bb6 14. Kc2 f6 15. exf6 gxf6 16. Na3 Rhe8 17. Ng3 Bf2 18. Nf1 Re2 19. Rd1 Nf3 20. h4 Nxd2 21. Rxd2 Rdxd2+ 22. Nxd2 Be1 23. Nb1 Bg3 24. g5 f5 25. h5 Bxf4 26. g6 hxg6 27. hxg6 Rg2 28. Rh8+ Nd8 29. Rh5 Rxg6 30. Rxf5 Bd6 31. Kb3 b6 32. Nc4 Bh2 33. Nbd2 Nc6 34. Rh5 Bf4 35. Ne4 Kb7 36. Rh4 Bc1 37. Rh7 Kc8 38. Rf7 b5 39. Na5 Nxa5+ 40. bxa5 Rg2 41. c4 Rb2+ 42. Kc3 Rxa2 43. cxb5 Rxa5 44. Kb4 Ra1 45. Nc5 Ba3+ 46. Kc4 Rc1+ 47. Kb3 Bxc5 48. Rf8+ Kb7 0-1


[Site "https://www.chess.com"]

[Event "Titled Tuesday Blitz January 17 Late 2023"]
[White "Slavin, Alexey"]
[Black "Marcolino, Daniel Mattos"]
[WhiteFideId "24104388"]
[BlackFideId "2106841"]
[WhiteElo "2364"]
[BlackElo "2006"]
[Result "1-0"]
[Round "05"]
[TimeControl "180+2"]
[Date "2023.01.17"]
[WhiteClock "0:01:16"]
[BlackClock "0:00:44"]

1. e4 c6 2. d4 d5 3. e5 c5 4. c4 cxd4 5. Qxd4 Nc6 6. Qxd5 Qxd5 7. cxd5 Nxe5 8. Bf4 Ng6 9. Bb5+ Bd7 10. Bxd7+ Kxd7 11. Bg3 Nf6 12. Nc3 a6 13. Nf3 e6 14. dxe6+ Kxe6 15. O-O-O Kf5 16. Nd4+ Kg5 17. h4+ Kh5 18. f3 Rd8 19. Bf2 Bd6 20. g4+ Nxg4 21. fxg4+ Kxg4 22. Rhg1+ Kh5 23. Nf5 Be5 24. Rg5# 1-0


[Site "https://www.chess.com"]

[Event "Titled Tuesday Blitz January 17 Late 2023"]
[White "Vargas, Mauricio"]
[Black "Mione, Dario"]
[WhiteFideId "4404572"]
[BlackFideId "806625"]
[WhiteElo "2035"]
[BlackElo "2228"]
[Result "0-1"]
[Round "05"]
[TimeControl "180+2"]
[Date "2023.01.17"]
[WhiteClock "0:00:04"]
[BlackClock "0:00:05"]

1. e4 c5 2. Nc3 Nc6 3. f4 e6 4. Nf3 d5 5. Bb5 Nf6 6. e5 Nd7 7. Bxc6 bxc6 8. O-O c4 9. d4 cxd3 10. cxd3 Ba6 11. a3 Nc5 12. Ne1 Qb6 13. Kh1 Nb3 14. Rf3 Nxa1 15. b4 c5 16. Na4 Qb5 17. Nc3 Qd7 18. Bb2 cxb4 19. axb4 Bxb4 20. Qxa1 Bb7 21. d4 a5 22. Nd3 Rc8 23. Na4 Qb5 24. Ndc5 O-O 25. Qb1 Bxc5 26. Nxc5 Rxc5 27. dxc5 Ba6 28. h3 Rb8 29. Rf2 a4 30. Qc1 Qc4 31. Qxc4 Bxc4 32. c6 Rc8 33. Ba3 Rxc6 34. Bd6 Bb3 35. Kh2 Rc2 36. Rf3 f6 37. f5 exf5 38. Rxf5 Re2 39. exf6 gxf6 40. Rxf6 d4 41. Bf4 Bd5 42. Kg3 Rxg2+ 43. Kh4 Rg6 0-1


[Site "https://www.chess.com"]